AoeStats
← 西溪梨

Scandinavia

512869955Analyzed
1v1 RM · 4d ago on Oct 11, 2026· 37m 18s· 2 players
Game mode
Random Map
Map size
Tiny (2 player)
Population
200
Speed
Normal
Resources
Standard
Victory
Conquest
Starting age
Dark Age
Ending age
Imperial Age
RankedLock teamsTeams togetherTeam positionsShared explorationLock speedFull tech treeHidden civsTurbo modeCheats
Victory
Defeat
🇨🇳 Saracens · China
1846
+18
vs
🇺🇸 Spanish · United States
1882
-18
西溪梨
11:17 Feudal Age
13:27 Loom
15:52 Castle Age
15:02 Fletching
15:50 Double-Bit Axe
16:31 Crossbowman
20:46 Bodkin Arrow
21:31 Ballistics
22:18 Bow Saw
32:24 Imperial Age
29:40 Loom
31:16 Gold Mining
33:25 Bracer
34:41 Arbalester
SylPags
8:15 Loom
10:37 Feudal Age
15:03 Castle Age
20:44 Double-Bit Axe
24:50 Bow Saw
34:19 Imperial Age
36:08 Chemistry
36:26 Stone Mining
Connection lost

Rejoining the realm…

Still unreachable

The connection could not be restored.

Session expired

The server has moved on; the page needs a fresh start.